 Dungeon Crawl Stone Soup version 0.24-a0-89-gce0dbf48b2 (webtiles) character file.

Game seed: 1246091348274738581

61 LLavrengius the Changer (level 4, 0/28 HPs)
             Began as an Octopode Transmuter on Feb 8, 2019.
             Slain by a hobgoblin (1 damage)
             ... on level 2 of the Dungeon.
             The game lasted 00:03:36 (1210 turns).

LLavrengius the Changer (Octopode Transmuter)       Turns: 1210, Time: 00:03:37

Health: 0/28       AC:  1    Str:  9    XL:     4   Next: 7%
Magic:  6/8        EV: 13    Int: 16    God:
Gold:   75         SH:  0    Dex: 12    Spells: 2/8 levels left

rFire    . . .     SeeInvis .     - Unarmed
rCold    . . .     Gourm    .   (no shield)
rNeg     . . .     Faith    .   (helmet restricted)
rPois    .         Spirit   .   (no amulet)
rElec    .         Reflect  .   (no ring)
rCorr    .         Harm     .   (no ring)
MR       .....                  (no ring)
Stlth    ++........             (no ring)
HPRegen  0.09/turn              (no ring)
MPRegen  0.11/turn              (no ring)
                                (no ring)
                                (no ring)

@: lethally poisoned (0 -> -6), hasted, very quick
A: almost no armour, stealthy swim, amphibious, 8 rings, constrict 8, camouflage
1, gelatinous body 1
a: no special abilities


You were on level 2 of the Dungeon.
You were not hungry.

You visited 1 branch of the dungeon, and saw 2 of its levels.

You collected 75 gold pieces.

Inventory:

Hand Weapons
 l - a +0 hunting sling
Missiles
 a - 9 arrows
 m - 48 stones (quivered)
Jewellery
 f - an uncursed amulet of faith {unknown}
Scrolls
 d - a scroll of identify {unknown}
 e - a scroll of amnesia {unknown}
 j - a scroll of random uselessness {unknown}
Potions
 b - a potion of haste
 g - a potion of lignification {unknown}
 h - 2 potions of curing {unknown}
 i - 3 potions of agility
Comestibles
 c - 2 rations
 k - 8 chunks of flesh


   Skills:
 - Level 1.0 Fighting
 - Level 2.0 Dodging
 - Level 3.0 Unarmed Combat
 + Level 2.7 Spellcasting
 * Level 3.6 Transmutations


You had 2 spell levels left.
You knew the following spells:

 Your Spells              Type           Power        Failure   Level  Hunger
a - Beastly Appendage     Tmut           ##....       4%          1    #......
b - Sticks to Snakes      Tmut           ##......     6%          2    ##.....
c - Spider Form           Tmut/Pois      #.........   26%         3    ###....

Your spell library contained the following spells:

 Spells                   Type           Power        Failure   Level  Hunger
 Ice Form                 Ice/Tmut       #.......     65%         4    #####..
 Blade Hands              Tmut           ##........   75%         5    ######.


Dungeon Overview and Level Annotations

Branches:
Dungeon (2/15)

Altars:


Innate Abilities, Weirdness & Mutations

You cannot wear most types of armour.
You are very stealthy in the water. (Stealth+)
You are amphibious.
You can wear up to eight rings at the same time.
You can use your tentacles to constrict eight enemies at once.
Your skin changes colour to match your surroundings (Stealth+).
Your rubbery body absorbs attacks. (AC +1, EV +1)


Message History

The worker ant is moderately wounded.
* * * LOW HITPOINT WARNING * * *
You feel sick. The worker ant closely misses you.
You tentacle-slap the worker ant. You grab the worker ant.
The worker ant is moderately wounded.
You constrict the worker ant, but do no damage.
The worker ant closely misses you.
You tentacle-slap the worker ant but do no damage.
You squeeze the worker ant.
The worker ant is severely wounded.
You constrict the worker ant, but do no damage.
* * * LOW HITPOINT WARNING * * *
You feel sick. The worker ant bites you.
* * * LOW HITPOINT WARNING * * *
The hobgoblin closely misses you.
It was a potion of haste.
You feel yourself speed up.
You constrict the worker ant, but do no damage.
* * * LOW HITPOINT WARNING * * *
You feel sick. The worker ant closely misses you. The hobgoblin hits you.
You die...

#.....†........###..
###########....).)..
#.######.†
#########'## #..
#..>.......######.
#...(..)..........
#......().......##
#.g.............+.
#@a.......#.....##
#########.#.#####
#.#.# #.#.# #.#[#
#...# #####


You could see a worker ant and a hobgoblin.

Vanquished Creatures
  Robin (D:2)
  An adder (D:2)
  A dart slug (D:1)
  4 bats (D:1)
  11 goblins
  6 hobgoblins
  5 kobolds
  6 frilled lizards
  3 rats (D:1)
38 creatures vanquished.

Vanquished Creatures (collateral kills)
  A goblin (D:2)
  A frilled lizard (D:2)
2 creatures vanquished.

Grand Total: 40 creatures vanquished

Notes
Turn   | Place    | Note
-------+----------+-------------------------------------------
     0 | D:1      | LLavrengius the Octopode Transmuter began the quest for the
                  | Orb.
     0 | D:1      | Reached XP level 1. HP: 13/13 MP: 3/3
   197 | D:1      | Reached XP level 2. HP: 10/18 MP: 5/5
   211 | D:1      | Learned a level 2 spell: Sticks to Snakes
   937 | D:1      | Reached XP level 3. HP: 23/23 MP: 6/6
   942 | D:1      | Learned a level 3 spell: Spider Form
  1049 | D:2      | Noticed Robin
  1068 | D:2      | Killed Robin
  1191 | D:2      | Reached XP level 4. HP: 18/28 MP: 8/8
  1210 | D:2      | HP: 1/28 [poisoned by a worker ant]
  1210 | D:2      | Slain by a hobgoblin

Levels and vault maps discovered:
D:1:      co_arrival_random_square_maze, layout_loops_ring
D:2:      layout_basic, gammafunk_temple_overflow_elements, minivault_19,
          uniq_robin

Skill      XL: |  1  2 |
---------------+-------+-----
Transmutations | 3 |  3.6
Fighting       | |  1.0
Dodging        | |  2.0
Unarmed Combat | |  3.0
Spellcasting   | |  2.7

Action                   |  1- 3 |  4- 6 || total
-------------------------+-------+-------++-------
Melee: Unarmed           |    82 |     3 ||    85
       Constrict         |    25 |     1 ||    26
       Tentacles         |    12 |     1 ||    13
       Punch             |     2 |       ||     2
       Kick              |     5 |       ||     5
 Cast: Sticks to Snakes  |     2 |     1 ||     3
       Beastly Appendage |     1 |       ||     1
  Use: Potion            |       |     1 ||     1
 Stab: Sleeping          |     5 |       ||     5
  Eat: Chunk             |     1 |       ||     1
Armor: Skin              |     7 |       ||     7
Dodge: Dodged            |    42 |     5 ||    47

Table legend:
 A = Non-vault XP
 B = Vault XP
 C = Vault XP percentage of total XP
 D = Non-vault monster count
 E = Vault monster count
 F = Vault count percentage of total count
                 A         B        C        D         E       F
            +---------+---------+-------+---------+---------+-------
      Total |      58 |      30 |  34.1 |      29 |      11 |  27.5
            +---------+---------+-------+---------+---------+-------
        D:1 |      34 |       0 |   0.0 |      20 |       0 |   0.0
        D:2 |      24 |      30 |  55.6 |       9 |      11 |  55.0
            +---------+---------+-------+---------+---------+-------
